 Dungeon Crawl Stone Soup version 0.30-a0-1043-g60ff8d5f49 (webtiles) character file.

Game seed: 9733032683734444704

522 GigaChad the Shield-Bearer (level 7, -6/55 HPs)
             Began as a Formicid Fighter on Apr 11, 2023.
             Mangled by a wyvern (12 damage)
             ... on level 8 of the Dungeon.
             The game lasted 00:04:51 (3637 turns).

GigaChad the Shield-Bearer (Formicid Fighter)       Turns: 3637, Time: 00:04:52

Health: -6/55      AC: 12    Str: 23    XL:     7   Next: 46%
Magic:  7/7        EV:  8    Int:  7    God:
Gold:   194        SH:  5    Dex: 13    Spells: 6/6 levels left

rFire   . . .      SeeInvis +    a - +0 war axe
rCold   . . .      Faith    .    c - +0 buckler
rNeg    . . .      Spirit   .    g - +3 chain mail {rPois}
rPois   +          Reflect  .    (helmet unavailable)
rElec   .          Rampage  .    (no cloak)
rCorr   .                        (no gloves)
Will    .....                    (no boots) Stlth
                                 (no amulet)
HPRegen 0.29/turn                o - +4 ring of slaying
MPRegen 0.10/turn                (no ring)

@: no status effects
A: permanent stasis, dig shafts and tunnels, antennae 3, four strong arms
a: Dig, Shaft Self


You were on level 8 of the Dungeon.
You visited 1 branch of the dungeon, and saw 6 of its levels.

You collected 194 gold pieces.

Inventory:

Hand Weapons
 a - a +0 war axe (weapon)
 n - a +0 hand axe
Missiles
 l - a throwing net
Armour
 b - a +0 scale mail
 c - a +0 buckler (worn)
 g - a +3 chain mail of poison resistance (worn)
 y - a +0 kite shield
Jewellery
 h - a ring of magical power
 o - a +4 ring of slaying (left hand)
 v - an amulet of magic regeneration
 w - a ring of flight
Scrolls
 f - a scroll of fear {unknown}
 p - 2 scrolls of identify
 q - 2 scrolls of enchant armour {unknown}
 t - 2 scrolls of immolation {unknown}
 u - a scroll of silence {unknown}
Potions
 d - 2 potions of might
 e - 5 potions of curing
 i - 2 potions of berserk rage {unknown}
 j - 4 potions of brilliance {unknown}
 k - 2 potions of attraction {unknown}
 m - a potion of flight {unknown}
 r - a potion of heal wounds {unknown}
 s - a potion of magic {unknown}
 x - a potion of lignification {unknown}


   Skills:
 * Level 4.7 Fighting
 + Level 5.0 Axes
 * Level 5.0 Armour
 - Level 0.7 Dodging
 - Level 0.2 Stealth
 * Level 5.5 Shields


You had 6 spell levels left.
You didn't know any spells.
Your spell library contained the following spells:

 Spells                   Type           Power      Damage    Failure   Level
 Necrotise                Necr           0%         1d4       97%         1
 Sandblast                Erth           0%         2d4       97%         1
 Passwall                 Tmut/Erth      0%         N/A       99%         2
 Stone Arrow              Conj/Erth      0%         3d7       100%        3
 Vampiric Draining        Necr           0%         2d6       100%        3
 Agony                    Necr           0%         N/A       100%        5


Dungeon Overview and Level Annotations

Branches:
Dungeon (5/15)
 Temple: D:4-7

Altars:
Yredelemnul

Annotations:
D:5 Pikel


Innate Abilities, Weirdness & Mutations

You cannot be hasted, slowed, berserked, paralysed or teleported.
You can dig through walls and to a lower floor.
You have a pair of large antennae on your head. (SInv)
Your four strong arms can wield two-handed weapons with a shield.


Message History

The centaur shoots an arrow.
The arrow hits you!
The centaur shoots an arrow.
You block the arrow.
The centaur shoots an arrow.
The arrow hits you.
The centaur shoots an arrow.
The arrow hits you!
The centaur shoots an arrow.
The arrow hits you!
The centaur unwields a +0 shortbow.
You block the centaur's attack. The centaur barely misses you.
You slash the centaur!
The centaur is heavily wounded.
You block the centaur's attack. The centaur barely misses you.
The centaur hits you but does no damage.
The centaur closely misses you.
You barely miss the centaur.
The centaur is heavily wounded.
The centaur hits you.
The centaur kicks you but does no damage.
You hit the centaur.
The centaur is severely wounded.
The centaur hits you.
* * * LOW HITPOINT WARNING * * *
The centaur kicks you but does no damage.
You block the centaur's attack.
The centaur kicks you but does no damage.
You slash the centaur!
You kill the centaur!
Your Axes skill increases to level 5!
Your Armour skill increases to level 5!
A wyvern comes into view.
The wyvern hisses angrily.
You see here a +0 shortbow.
Things that are here:
a +0 club; an orc corpse The wyvern bites you but does no damage.
The wyvern bites you.
* * * LOW HITPOINT WARNING * * *
The wyvern bites you!
* * * LOW HITPOINT WARNING * * *
You hit the wyvern.
The wyvern is moderately wounded.
The wyvern bites you!
You die...

{ { { ### ##.###
#....# . #.@..#
#
....##l.##..###
........)......#
...............#
.............#..
##..............
#..........#.#.
#......#######
#....###


You could see a wyvern.

Vanquished Creatures
  A black bear (D:5)
  A centaur (D:8)
  A centaur zombie (D:3)
  A hound (D:4)
  2 jellies (D:4)
  An iguana (D:5)
  Terence (D:2)
  An orc wizard (D:5)
  4 gnolls (D:3)
  3 adders
  An adder zombie (D:3)
  3 worms
  3 dart slugs
  3 orcs
  6 ball pythons
  5 bats
  8 endoplasms
  2 giant cockroaches
  6 hobgoblins
  5 kobolds
  4 quokkas
  A ball python zombie (D:3)
  4 frilled lizards
  4 goblins (D:1)
  4 rats
75 creatures vanquished.

Notes
Turn   | Place    | Note
-------+----------+-------------------------------------------
     0 | D:1      | GigaChad the Formicid Fighter began the quest for the Orb.
     0 | D:1      | Reached XP level 1. HP: 18/18 MP: 1/1
   162 | D:1      | Reached XP level 2. HP: 22/24 MP: 2/2
   369 | D:1      | Reached XP level 3. HP: 17/29 MP: 3/3
  1249 | D:2      | Noticed Terence
  1257 | D:2      | Killed Terence
  1258 | D:2      | Reached XP level 4. HP: 31/37 MP: 4/4
  1453 | D:3      | Reached XP level 5. HP: 42/42 MP: 5/5
  1627 | D:3      | Found a basalt altar of Yredelemnul.
  2657 | D:4      | Reached XP level 6. HP: 48/48 MP: 6/6
  2674 | D:4      | Reached skill level 5 in Shields
  3366 | D:5      | Entered Level 5 of the Dungeon
  3368 | D:5      | Noticed a black bear
  3378 | D:5      | Killed a black bear
  3379 | D:5      | Reached XP level 7. HP: 23/55 MP: 7/7
  3481 | D:5      | Noticed Pikel
  3483 | D:5      | You fall into a shaft and drop 3 floors!
  3631 | D:8      | Reached skill level 5 in Axes
  3631 | D:8      | Reached skill level 5 in Armour
  3631 | D:8      | Noticed a wyvern
  3637 | D:8      | Mangled by a wyvern

Illustrated notes

Levels and vault maps discovered:
D:1:      ebering_hopf_link, layout_basic
D:2:      layout_basic, grunt_ministairs_2, minmay_misc_feat_iff, uniq_terence
D:3:      layout_basic, nicolae_yredelemnul_corpse_copse
D:4:      layout_basic
D:5:      layout_basic, mainiacjoe_overflow_boulevard, hangedman_decor_riveting,
          uniq_pikel, uniq_grinder, uniq_edmund
D:8:      layout_cave_pools, nicolae_overflow_crystal_walls,
          nicolae_shop_self_help, uniq_erica

Skill      XL: |  1  2  3  4  5  6  7 |
---------------+----------------------+-----
Armour         | 4 5 |  5.0
Axes           | 3 4 5 |  5.0
Fighting       | 4 |  4.7
Shields        | 5 |  5.5
Dodging        | |  0.7
Stealth        | |  0.2

Action                     |  1- 3 |  4- 6 |  7- 9 || total
---------------------------+-------+-------+-------++-------
  Melee: War axe           |    89 |    95 |    15 ||   199
Ability: Dig               |       |     1 |       ||     1
         Shaft Self        |       |       |     1 ||     1
    Use: Scroll            |     4 |       |       ||     4
 Armour: Scale mail        |    42 |       |       ||    42
         Chain mail        |       |    61 |    16 ||    77
  Dodge: Dodged            |    30 |    46 |    12 ||    88
  Block: Buckler           |    19 |    29 |    10 ||    58

Table legend: (Time is in decaauts)
 A = Elapsed time spent in this place.
 B = Non-inter-level travel time spent in this place.
 C = Inter-level travel time spent in this place.
 D = Time resting spent in this place.
 E = Time spent auto-exploring this place.
 F = Levels seen in this place.
 G = Mean time per level.
                   A        B        C        D        E       F      G
               +--------+--------+--------+--------+--------+-----+--------+
         Total |   3710 |   3606 |    104 |    122 |   2872 |   6 |  618.3 |
       Dungeon |   3710 |   3606 |    104 |    122 |   2872 |   6 |  618.3 |
               +--------+--------+--------+--------+--------+-----+--------+

Top non-repeatable levels by time:
     D:4: 1000 daAuts
     D:3: 969 daAuts
     D:2: 873 daAuts
     D:1: 589 daAuts
     D:8: 155 daAuts
     D:5: 121 daAuts
